 Dungeon Crawl Stone Soup version 0.27-a0-1136-g0b992a5a9d (webtiles) character file.

Game seed: 12656395928535616812

18 sanka the Magician (level 2, 21/21 HPs)
             Began as a Djinni Hedge Wizard on May 5, 2021.
             Was a Follower of Zin.
             Quit the game on level 1 of the Dungeon.
             The game lasted 00:00:55 (1067 turns).

sanka the Magician (Djinni Hedge Wizard)            Turns: 1067, Time: 00:00:55

Health: 21/21      AC:  2    Str:  9    XL:     2   Next: 66%
Gold:   0          EV: 12    Int: 15    God:    Zin [*.....] SH:  0 Dex: 12

rFire    + + .     SeeInvis .   a - +0 dagger
rCold    x . .     Faith    .   (no shield)
rNeg     . . .     Spirit   .   b - +0 robe
rPois    ∞         Reflect  .   c - +0 hat
rElec    .         Harm     .   (no cloak)
rCorr    .         Rampage  .   (no gloves)
Will     .....                  (boots unavailable)
Stlth    ++........             (no amulet)
HPRegen  0.07/turn              (no ring)
MPRegen  0.00/turn              (no ring)

@: flying
A: sickness immunity, fire resistance 2, cold vulnerability 1, float, innate
caster, hp casting, extra vitality 1
a: Renounce Religion, Recite, Donate Gold


You were on level 1 of the Dungeon.
You worshipped Zin.
Zin was aware of your devotion.
You visited 1 branch of the dungeon, and saw 1 of its levels.


Innate Abilities, Weirdness & Mutations

You are immune to sickness and miasma.
You are immune to poison.
Your flesh is very heat resistant. (rF++)
You are vulnerable to cold. (rC-)
You float through the air rather than walking.
You learn spells naturally, not from books.
Your magical power is your life essence.
You have superior vitality. (+4 HP)


   Skills:
 - Level 2.1 Dodging
 - Level 1.5 Stealth
 + Level 3.4 Spellcasting


You couldn't memorise any spells.
You knew the following spells:

 Your Spells              Type           Power      Damage    Failure   Level
b - Blink                 Tloc           N/A        N/A       7%          2
c - Slow                  Hex            12%        N/A       7%          2
x - Call Imp              Summ           12%        N/A       7%          2
z - Magic Dart            Conj           48%        1d5       4%          1
C - Mephitic Cloud        Conj/Pois/Air  12%        N/A       14%         3
Z - Conjure Flame         Conj/Fire      12%        6-21      14%         3
Your spell library was empty.

Inventory:

Hand Weapons
 a - a +0 dagger (weapon)
Armour
 b - a +0 robe (worn)
 c - a +0 hat (worn)
Scrolls
 d - a scroll of identify {unknown}
 f - a scroll of immolation {unknown}
Potions
 e - a potion of degeneration {unknown}
 g - a potion of flight {unknown}

Dungeon Overview and Level Annotations

Branches:
Dungeon (1/15)

Altars:
Zin

.▒ ▒.... ▒▒▒▒▒▒▒▒.▒
▒.... ▒........▒ ▒.▒▒▒
▒.▒▒▒▒.▒▒▒ ▒▒.▒▒
▒▒▒..▒▒▒..▒▒▒ ▒▒...▒▒
▒...........▒ ▒▒.....▒
▒.▒..▒▒.▒▒..▒▒▒▒▒.......
▒.▒..▒...▒..▒...........
▒.▒....R....▒.▒▒▒.......
▒.▒..▒...▒..▒.▒ ▒▒†....▒
▒.▒..▒▒.▒▒..▒.▒ ▒▒.....
▒.▒.........▒.▒▒▒▒▒▒.▒.▒
▒.▒▒▒▒▒......▒....▒▒▒▒.▒
▒.▒ ▒▒▒▒▒.▒.▒▒▒.▒▒▒▒.▒
▒.▒ ▒.▒.▒ ......
▒.▒▒▒▒▒▒▒▒▒.▒.▒ ▒▒▒▒.▒
▒...........▒.▒ ▒.▒


There were no monsters in sight!


Message History

Aiming: Magic Dart (safe; 4% risk of failure)
Aim: a bat (asleep, 100% to hit)
The magic dart hits the bat.
You kill the bat!
You can't see any susceptible monsters within range! (Use Z to cast anyway.)
A rat comes into view.
Aiming: Magic Dart (safe; 4% risk of failure)
Aim: a rat (100% to hit)
The magic dart hits the rat.
The rat is severely wounded.
Aiming: Magic Dart (safe; 4% risk of failure)
Aim: a rat (severely wounded, 100% to hit)
The magic dart hits the rat but does no damage.
The rat is severely wounded.
Aiming: Magic Dart (safe; 4% risk of failure)
Aim: a rat (severely wounded, 100% to hit)
The magic dart hits the rat.
You kill the rat!
You can't see any susceptible monsters within range! (Use Z to cast anyway.)
You start resting.
HP restored.
Found a faded altar of an unknown god.
There is a faded altar of an unknown god here.
There is a faded altar of an unknown god here.
You cannot tell which god this altar belongs to.
Convert to them anyway?
Zin accepts your prayer! Zin welcomes you!
You can now donate money to Zin.
You can now recite Zin's Axioms of Law.
Are you sure you want to abandon this character and quit the game? (Confirm with "yes".)

Action                   || total
-------------------------++-------
 Cast: Magic Dart        ||    50
Armor: Robe              ||     4
Dodge: Dodged            ||     7

Levels and vault maps discovered:
D:1:      minmay_arrival_loop, layout_loops_ring, ebering_ecumenical_altar_box,
          hangedman_abyss_or_decor_stabs, minmay_liquid_box,
          supply_closet_lemuel

Notes
Turn   | Place    | Note
-------+----------+-------------------------------------------
     0 | D:1      | sanka the Djinni Hedge Wizard began the quest for the Orb.
     0 | D:1      | Reached XP level 1. HP: 15/15 MP: 0/0
   279 | D:1      | Reached skill level 3 in Spellcasting
   331 | D:1      | Reached XP level 2. HP: 17/21 MP: 0/0
  1057 | D:1      | Found a faded altar of an unknown god.
  1066 | D:1      | Became a worshipper of Zin the Law-Giver
  1066 | D:1      | Reached * piety under Zin
  1067 | D:1      | Quit the game

Vanquished Creatures
  3 endoplasms (D:1)
  A giant cockroach (D:1)
  A hobgoblin (D:1)
  4 jackals (D:1)
  A quokka (D:1)
  2 ball pythons (D:1)
  A bat (D:1)
  A kobold (D:1)
  A rat (D:1)
15 creatures vanquished.
